Map: Dusk Towers

Players

LilDicky

  • Race: Terran Terran
  • League: Platinum

JoeyDuino - Winner!

  • Race: Protoss Protoss
  • League: Platinum

VOD

http://www.twitch.tv/tumescentpie

Description

Time

  • Played on: Nov. 20, 2015, 9:42 a.m.
  • Length: 5:36
Show
View Real Time Build Order
Export as new Build Order

LilDicky Terran 

Build Orders: MMM Bio 

Get SALT Encoding   

  12  0:02  SCV  
  13  0:14  SCV  
  13  0:18  Supply Depot  
  14  0:27  SCV  
  15  0:40  SCV  
  16  0:43  Refinery  
  16  0:45  Barracks  
  16  0:57  SCV  
  17  1:09  SCV  
  18  1:21  SCV  
  19  1:33  SCV  
  19  1:34  Marine  
  19  1:36  Supply Depot  
  21  1:45  Factory  
  21  1:49  Orbital Command  
  21  1:59  Marine  
  22  2:05  Barracks  
  22  2:07  Barracks  
  22  2:15  SCV  
  23  2:17  Barracks Reactor  
  23  2:22  Refinery  
  23  2:27  SCV  
  24  2:42  Widow Mine  
  26  2:44  SCV  
  26  2:50  Supply Depot  
  27  2:56  SCV  
  27  3:00  Barracks Tech Lab x2  
  25  3:21  Combat Shields, Stimpack  
  25  3:23  Marine x2  
  25  3:24  Marine x2  
  25  3:25  SCV  
  30  3:32  Supply Depot  
  30  3:40  Engineering Bay  
  30  3:42  Marine x2  
  30  3:46  Marauder x2  
  36  3:49  SCV  
  37  4:00  Marine  
  38  4:07  Marauder  
  38  4:08  Marauder  
  42  4:28  Marauder  
  42  4:29  Marauder  
  46  4:36  Supply Depot, Starport  
  46  4:38  Marine  
  47  4:44  Concussive Shells, Marine  
  48  4:50  Marauder  
  48  4:51  Marauder  
  52  4:56  Marine  
  53  5:02  Marine  
  52  5:11  Marauder  
  52  5:12  Marauder  
Show
View Real Time Build Order
Export as new Build Order

JoeyDuino Protoss - Winner!

Build Orders:  

Get SALT Encoding   

  12  0:00  Probe (Chrono Boost)  
  13  0:13  Pylon  
  13  0:18  Probe (Chrono Boost)  
  15  0:28  Probe (Chrono Boost)  
  15  0:35  Gateway  
  15  0:39  Probe (Chrono Boost)  
  16  0:49  Probe (Chrono Boost)  
  17  1:00  Probe (Chrono Boost), Assimilator  
  17  1:01  Assimilator  
  18  1:10  Probe (Chrono Boost)  
  19  1:21  Probe (Chrono Boost)  
  20  1:26  Cybernetics Core  
  20  1:29  Pylon  
  20  1:31  Probe (Chrono Boost)  
  21  1:42  Probe (Chrono Boost)  
  22  1:52  Probe (Chrono Boost)  
  22  2:02  Adept (Chrono Boost), Warp Gate (Chrono Boost)  
  22  2:03  Probe (Chrono Boost)  
  25  2:15  Mothership Core (Chrono Boost)  
  27  2:28  Adept  
  29  2:40  Probe  
  30  2:55  Nexus  
  30  2:57  Pylon  
  30  3:07  Pylon  
  30  3:26  Probe  
  31  3:31  Robotics Facility  
  31  3:33  Pylon  
  31  3:38  Gateway  
  31  3:39  Probe (Chrono Boost)  
  31  3:40  Gateway  
  32  3:51  Probe (Chrono Boost)  
  32  3:53  Stalker  
  35  4:07  Pylon  
  35  4:19  Observer (Chrono Boost)  
  35  4:21  Stalker  
  38  4:37  Warp Prism (Chrono Boost)  
  40  4:46  Probe  
  40  4:47  Probe, Robotics Bay  
  40  4:48  Stalker  
  40  4:49  Stalker x2  
  48  4:56  Probe  
  48  4:59  Probe, Assimilator  
  50  5:03  Assimilator  
  50  5:06  Pylon  
  48  5:15  Stalker  
  48  5:16  Stalker x2  
  50  5:24  Probe  
Tags
 
Add a new tag
Caveats
  • Supply blocks, unpowered buildings, or Contaminate may cause inaccurate times.
  • Supply counts are checked every 10 seconds.